3162 views
Uploaded 2020-03-18 20:57:52
Game version 1.32.3
46:13 long 4on4 ladder game on (8)Mur'gulOasis_LV
Saved by BEARAND
3162 views
Uploaded 2020-03-18 20:57:52
Game version 1.32.3
46:13 long 4on4 ladder game on (8)Mur'gulOasis_LV


98 units @ 12k
/ 1.2k
272 buildings @ 14.9k
/ 7.7k



| Staff of Sanctuary | 3 | 750 |
| Staff of Teleportation | 2 | 300 |
| Boots of Speed | 2 | 500 |
| Periapt of Vitality | 1 | 325 |
| Orb of Corruption | 1 | 375 |
| total: | 9 | 2250g |
| Peasant | 15 | 1125 | / | 0 |
| Dragonhawk Rider | 7 | 1400 | / | 210 |
| Priest | 1 | 135 | / | 10 |
| total: | 23 | 2660g | / | 220w |
| Scout Tower | 64 | 1920 | / | 1280 |
| Arcane Tower | 5 | 350 | / | 250 |
| Guard Tower | 44 | 3080 | / | 2200 |
| Altar of Kings | 1 | 180 | / | 50 |
| Farm | 7 | 560 | / | 140 |
| Lumber Mill | 1 | 120 | / | 0 |
| Arcane Vault | 2 | 260 | / | 60 |
| Blacksmith | 1 | 140 | / | 60 |
| Barracks | 1 | 160 | / | 60 |
| Gryphon Aviary | 2 | 280 | / | 300 |
| Arcane Sanctum | 1 | 150 | / | 140 |
| Keep | 1 | 320 | / | 210 |
| Castle | 1 | 360 | / | 210 |
| total: | 80 | 3770g | / | 2090w |
| 0:01 | Peasant |
| 0:01 | Peasant |
| 0:01 | Peasant |
| 0:06 | Altar of Kings |
| 0:17 | Farm |
| 0:19 | Peasant |
| 0:27 | Lumber Mill |
| 0:45 | Peasant |
| 1:00 | Peasant |
| 1:17 | Farm |
| 1:30 | Scout Tower |
| 1:31 | Scout Tower |
| 1:34 | Peasant |
| 1:35 | Peasant |
| 1:50 | Peasant |
| 1:59 | Arcane Tower |
| 2:02 | Guard Tower |
| 2:05 | Blizzard |
| 2:10 | Peasant |
| 2:10 | Peasant |
| 2:11 | Scout Tower |
| 2:12 | Scout Tower |
| 2:13 | Scout Tower |
| 2:19 | Peasant |
| 2:24 | Peasant |
| 2:24 | Peasant |
| 2:37 | Scout Tower |
| 2:37 | Scout Tower |
| 2:38 | Guard Tower |
| 2:41 | Guard Tower |
| 2:48 | Scout Tower |
| 2:49 | Scout Tower |
| 2:51 | Peasant |
| 2:53 | Scout Tower |
| 3:13 | Guard Tower |
| 3:13 | Guard Tower |
| 3:25 | Arcane Tower |
| 3:38 | Guard Tower |
| 3:39 | Guard Tower |
| 3:57 | Keep |
| 4:09 | Staff of Teleportation |
| 4:22 | Improved Masonry |
| 4:38 | Farm |
| 4:38 | Farm |
| 4:57 | Boots of Speed |
| 5:00 | Scout Tower |
| 5:00 | Scout Tower |
| 5:32 | Brilliance Aura |
| 5:33 | Guard Tower |
| 5:36 | Scout Tower |
| 5:37 | Scout Tower |
| 5:37 | Scout Tower |
| 5:38 | Scout Tower |
| 5:40 | Scout Tower |
| 5:41 | Scout Tower |
| 5:41 | Scout Tower |
| 5:42 | Scout Tower |
| 6:02 | Scout Tower |
| 6:03 | Scout Tower |
| 6:04 | Scout Tower |
| 6:14 | Guard Tower |
| 6:25 | Guard Tower |
| 6:35 | Guard Tower |
| 7:13 | Guard Tower |
| 7:24 | Storm Bolt |
| 7:49 | Guard Tower |
| 7:51 | Advanced Masonry |
| 7:51 | Guard Tower |
| 7:52 | Guard Tower |
| 7:52 | Guard Tower |
| 8:42 | Scout Tower |
| 8:43 | Scout Tower |
| 9:02 | Castle |
| 9:05 | Arcane Vault |
| 9:21 | Guard Tower |
| 9:22 | Guard Tower |
| 10:16 | Gryphon Aviary |
| 10:19 | Boots of Speed |
| 10:25 | Periapt of Vitality |
| 10:48 | Scout Tower |
| 10:49 | Scout Tower |
| 10:50 | Scout Tower |
| 10:50 | Scout Tower |
| 10:52 | Scout Tower |
| 10:52 | Scout Tower |
| 10:53 | Scout Tower |
| 11:44 | Guard Tower |
| 12:01 | Guard Tower |
| 12:07 | Scout Tower |
| 12:08 | Scout Tower |
| 12:08 | Scout Tower |
| 12:08 | Scout Tower |
| 12:08 | Scout Tower |
| 12:09 | Scout Tower |
| 12:09 | Scout Tower |
| 12:11 | Scout Tower |
| 12:12 | Scout Tower |
| 12:12 | Scout Tower |
| 12:12 | Scout Tower |
| 12:13 | Scout Tower |
| 12:13 | Scout Tower |
| 12:14 | Scout Tower |
| 12:14 | Scout Tower |
| 12:14 | Scout Tower |
| 12:36 | Guard Tower |
| 12:37 | Scout Tower |
| 12:38 | Scout Tower |
| 12:38 | Scout Tower |
| 12:39 | Guard Tower |
| 12:48 | Imbued Masonry |
| 12:58 | Farm |
| 12:59 | Farm |
| 13:35 | Guard Tower |
| 13:42 | Arcane Vault |
| 13:47 | Holy Light |
| 14:13 | Bash |
| 14:15 | Staff of Sanctuary |
| 14:27 | Guard Tower |
| 14:41 | Guard Tower |
| 14:41 | Guard Tower |
| 14:44 | Scout Tower |
| 14:45 | Scout Tower |
| 14:46 | Scout Tower |
| 14:46 | Scout Tower |
| 14:46 | Scout Tower |
| 14:56 | Guard Tower |
| 15:42 | Gryphon Aviary |
| 15:58 | Arcane Tower |
| 16:54 | Staff of Sanctuary |
| 17:15 | Orb of Corruption |
| 17:38 | Arcane Sanctum |
| 17:41 | Storm Hammers |
| 17:43 | Farm |
| 17:44 | Blacksmith |
| 17:45 | Barracks |
| 17:52 | Scout Tower |
| 17:54 | Scout Tower |
| 17:59 | Scout Tower |
| 18:00 | Scout Tower |
| 18:02 | Scout Tower |
| 18:04 | Scout Tower |
| 18:05 | Scout Tower |
| 18:06 | Scout Tower |
| 18:24 | Dragonhawk Rider |
| 18:25 | Dragonhawk Rider |
| 18:36 | Staff of Teleportation |
| 19:28 | Guard Tower |
| 19:29 | Guard Tower |
| 19:29 | Guard Tower |
| 19:33 | Guard Tower |
| 19:48 | Staff of Sanctuary |
| 20:12 | Blizzard |
| 20:18 | Guard Tower |
| 20:30 | Dragonhawk Rider |
| 20:40 | Animal War Training |
| 20:51 | Magic Sentry |
| 21:53 | Dragonhawk Rider |
| 27:40 | Dragonhawk Rider |
| 27:40 | Dragonhawk Rider |
| 27:40 | Dragonhawk Rider |
| 34:07 | Storm Bolt |
| 34:41 | Priest |
| 34:44 | Divine Shield |
| 35:19 | Divine Shield |
| 41:04 | Brilliance Aura |
| Right click | 5814 |
| Select | 1228 |
| Select group | 948 |
| Build/train/purchase | 442 |
| Use ability | 174 |
| Chat | 57 |
| Assign group | 23 |
| Misc. action | 23 |
| Resource trade | 14 |
| Minimap ping | 11 |
| Item give/drop | 8 |
| Remove unit | 7 |


| Scroll of Regeneration | 1 | 100 |
| Staff of Sanctuary | 2 | 500 |
| Boots of Speed | 2 | 500 |
| Staff of Teleportation | 2 | 300 |
| Orb of Corruption | 1 | 375 |
| total: | 8 | 1775g |
| Peasant | 17 | 1275 | / | 0 |
| Priest | 1 | 135 | / | 10 |
| Dragonhawk Rider | 8 | 1600 | / | 240 |
| total: | 26 | 3010g | / | 250w |
| Scout Tower | 76 | 2280 | / | 1520 |
| Arcane Tower | 10 | 700 | / | 500 |
| Guard Tower | 31 | 2170 | / | 1550 |
| Altar of Kings | 1 | 180 | / | 50 |
| Farm | 8 | 640 | / | 160 |
| Lumber Mill | 1 | 120 | / | 0 |
| Arcane Vault | 2 | 260 | / | 60 |
| Blacksmith | 2 | 280 | / | 120 |
| Barracks | 1 | 160 | / | 60 |
| Arcane Sanctum | 1 | 150 | / | 140 |
| Gryphon Aviary | 1 | 140 | / | 150 |
| Keep | 1 | 320 | / | 210 |
| Castle | 1 | 360 | / | 210 |
| total: | 93 | 4210g | / | 2260w |
| 0:02 | Peasant |
| 0:02 | Peasant |
| 0:07 | Altar of Kings |
| 0:12 | Farm |
| 0:28 | Peasant |
| 0:33 | Peasant |
| 0:41 | Peasant |
| 0:52 | Farm |
| 0:57 | Farm |
| 1:02 | Scout Tower |
| 1:05 | Peasant |
| 1:15 | Lumber Mill |
| 1:19 | Peasant |
| 1:23 | Scout Tower |
| 1:28 | Arcane Tower |
| 1:38 | Peasant |
| 1:38 | Peasant |
| 1:46 | Farm |
| 1:51 | Peasant |
| 1:57 | Arcane Tower |
| 1:58 | Scout Tower |
| 2:05 | Peasant |
| 2:08 | Blizzard |
| 2:21 | Peasant |
| 2:24 | Guard Tower |
| 2:26 | Scout Tower |
| 2:52 | Peasant |
| 2:52 | Peasant |
| 2:56 | Scout Tower |
| 3:00 | Guard Tower |
| 3:02 | Scout Tower |
| 3:04 | Peasant |
| 3:33 | Guard Tower |
| 3:36 | Scout Tower |
| 3:38 | Keep |
| 3:44 | Arcane Tower |
| 3:57 | Boots of Speed |
| 3:57 | Staff of Teleportation |
| 4:04 | Scout Tower |
| 4:06 | Guard Tower |
| 4:09 | Scout Tower |
| 4:28 | Scout Tower |
| 4:29 | Guard Tower |
| 4:32 | Improved Masonry |
| 4:43 | Guard Tower |
| 4:46 | Scout Tower |
| 4:50 | Scout Tower |
| 5:06 | Guard Tower |
| 5:10 | Scout Tower |
| 5:11 | Guard Tower |
| 5:27 | Brilliance Aura |
| 5:55 | Guard Tower |
| 6:05 | Scout Tower |
| 6:13 | Scout Tower |
| 6:15 | Scout Tower |
| 6:16 | Scout Tower |
| 6:21 | Arcane Sanctum |
| 6:23 | Scout Tower |
| 6:27 | Farm |
| 6:29 | Farm |
| 6:31 | Advanced Masonry |
| 6:32 | Guard Tower |
| 6:34 | Scout Tower |
| 6:35 | Scout Tower |
| 6:37 | Scout Tower |
| 6:37 | Scout Tower |
| 7:06 | Storm Bolt |
| 7:25 | Guard Tower |
| 7:29 | Guard Tower |
| 7:37 | Magic Sentry |
| 7:57 | Guard Tower |
| 7:59 | Guard Tower |
| 8:00 | Scout Tower |
| 8:01 | Scout Tower |
| 8:01 | Scout Tower |
| 8:06 | Scout Tower |
| 8:32 | Scout Tower |
| 8:48 | Guard Tower |
| 8:54 | Castle |
| 9:06 | Scout Tower |
| 9:07 | Scout Tower |
| 9:22 | Guard Tower |
| 9:25 | Scout Tower |
| 9:44 | Staff of Teleportation |
| 9:58 | Boots of Speed |
| 10:10 | Arcane Vault |
| 10:22 | Arcane Tower |
| 10:35 | Arcane Tower |
| 10:37 | Arcane Tower |
| 10:44 | Scout Tower |
| 10:58 | Scout Tower |
| 10:59 | Scout Tower |
| 11:00 | Scout Tower |
| 11:01 | Scout Tower |
| 11:01 | Scout Tower |
| 11:02 | Scout Tower |
| 11:45 | Guard Tower |
| 11:52 | Scroll of Regeneration |
| 11:55 | Priest |
| 11:56 | Priest Adept Training |
| 11:57 | Scout Tower |
| 11:58 | Scout Tower |
| 11:59 | Scout Tower |
| 12:00 | Guard Tower |
| 12:02 | Scout Tower |
| 12:03 | Scout Tower |
| 12:04 | Scout Tower |
| 12:04 | Scout Tower |
| 12:05 | Scout Tower |
| 12:05 | Scout Tower |
| 12:15 | Scout Tower |
| 12:16 | Scout Tower |
| 12:16 | Scout Tower |
| 12:17 | Scout Tower |
| 12:31 | Scout Tower |
| 12:32 | Scout Tower |
| 12:35 | Arcane Tower |
| 12:37 | Guard Tower |
| 12:49 | Imbued Masonry |
| 12:53 | Scout Tower |
| 12:54 | Guard Tower |
| 13:23 | Guard Tower |
| 13:32 | Scout Tower |
| 13:32 | Scout Tower |
| 13:34 | Scout Tower |
| 13:34 | Scout Tower |
| 13:37 | Scout Tower |
| 13:37 | Scout Tower |
| 13:38 | Scout Tower |
| 13:39 | Scout Tower |
| 13:39 | Scout Tower |
| 13:41 | Guard Tower |
| 13:42 | Scout Tower |
| 14:15 | Arcane Tower |
| 14:20 | Arcane Tower |
| 14:21 | Guard Tower |
| 14:35 | Peasant |
| 14:35 | Peasant |
| 14:44 | Guard Tower |
| 14:52 | Blizzard |
| 15:31 | Arcane Vault |
| 15:46 | Orb of Corruption |
| 15:48 | Staff of Sanctuary |
| 16:01 | Arcane Tower |
| 16:11 | Improved Lumber Harvesting |
| 16:44 | Gryphon Aviary |
| 16:46 | Blacksmith |
| 16:48 | Blacksmith |
| 16:50 | Barracks |
| 16:59 | Scout Tower |
| 17:00 | Scout Tower |
| 17:01 | Scout Tower |
| 17:02 | Scout Tower |
| 17:03 | Scout Tower |
| 17:04 | Scout Tower |
| 17:07 | Scout Tower |
| 17:07 | Scout Tower |
| 17:12 | Scout Tower |
| 17:13 | Scout Tower |
| 17:14 | Scout Tower |
| 17:16 | Scout Tower |
| 17:18 | Scout Tower |
| 17:38 | Staff of Sanctuary |
| 17:48 | Guard Tower |
| 18:03 | Farm |
| 18:04 | Farm |
| 18:26 | Bash |
| 18:51 | Guard Tower |
| 18:52 | Guard Tower |
| 19:17 | Guard Tower |
| 19:17 | Guard Tower |
| 19:18 | Guard Tower |
| 19:31 | Guard Tower |
| 19:53 | Dragonhawk Rider |
| 20:31 | Dragonhawk Rider |
| 20:32 | Dragonhawk Rider |
| 20:37 | Animal War Training |
| 21:07 | Dragonhawk Rider |
| 21:52 | Dragonhawk Rider |
| 22:28 | Dragonhawk Rider |
| 22:40 | Studded Leather Armor |
| 42:14 | Brilliance Aura |
| 44:21 | Dragonhawk Rider |
| 44:21 | Dragonhawk Rider |
| Right click | 4361 |
| Select group | 2136 |
| Select | 439 |
| Use ability | 205 |
| Build/train/purchase | 159 |
| Misc. action | 44 |
| Chat | 35 |
| Assign group | 19 |
| Minimap ping | 5 |
| Item give/drop | 4 |


| Rod of Necromancy | 1 | 150 |
| Orb of Corruption | 2 | 750 |
| Sacrificial Skull | 2 | 100 |
| Staff of Teleportation | 2 | 300 |
| Staff of Sanctuary | 2 | 500 |
| total: | 9 | 1800g |
| Acolyte | 9 | 675 | / | 0 |
| Ghoul | 11 | 1320 | / | 0 |
| Obsidian Statue | 4 | 800 | / | 140 |
| Crypt Fiend | 3 | 645 | / | 120 |
| Frost Wyrm | 4 | 1540 | / | 480 |
| total: | 31 | 4980g | / | 740w |
| Nerubian Tower | 1 | 100 | / | 20 |
| Altar of Darkness | 1 | 180 | / | 50 |
| Ziggurat | 7 | 1050 | / | 350 |
| Crypt | 1 | 200 | / | 50 |
| Tomb of Relics | 3 | 390 | / | 90 |
| Graveyard | 2 | 430 | / | 0 |
| Sacrificial Pit | 2 | 150 | / | 300 |
| Slaughterhouse | 1 | 140 | / | 135 |
| Boneyard | 2 | 350 | / | 400 |
| Halls of the Dead | 1 | 320 | / | 210 |
| Black Citadel | 1 | 325 | / | 230 |
| total: | 19 | 2890g | / | 1375w |
| 0:00 | Acolyte |
| 0:04 | Altar of Darkness |
| 0:06 | Ziggurat |
| 0:08 | Acolyte |
| 0:22 | Crypt |
| 0:31 | Acolyte |
| 0:31 | Acolyte |
| 0:54 | Ziggurat |
| 1:24 | Ghoul |
| 1:25 | Ghoul |
| 1:40 | Tomb of Relics |
| 1:46 | Ghoul |
| 2:03 | Death Coil |
| 2:08 | Ghoul |
| 2:22 | Ghoul |
| 3:02 | Ghoul |
| 3:02 | Ghoul |
| 3:43 | Staff of Teleportation |
| 3:46 | Ghoul |
| 3:46 | Ghoul |
| 3:55 | Rod of Necromancy |
| 4:25 | Halls of the Dead |
| 4:27 | Ziggurat |
| 4:59 | Unholy Aura |
| 6:23 | Ghoul |
| 6:26 | Nerubian Tower |
| 6:41 | Graveyard |
| 6:57 | Acolyte |
| 7:24 | Black Citadel |
| 7:58 | Ghoul |
| 8:37 | Staff of Teleportation |
| 9:31 | Frost Nova |
| 9:38 | Death Coil |
| 9:51 | Orb of Corruption |
| 10:09 | Sacrificial Skull |
| 10:20 | Tomb of Relics |
| 10:21 | Tomb of Relics |
| 10:55 | Sacrificial Pit |
| 11:04 | Frost Armor |
| 11:50 | Staff of Sanctuary |
| 12:03 | Graveyard |
| 12:35 | Acolyte |
| 12:35 | Acolyte |
| 12:35 | Acolyte |
| 12:36 | Acolyte |
| 13:42 | Ziggurat |
| 14:36 | Staff of Sanctuary |
| 15:50 | Slaughterhouse |
| 17:10 | Orb of Corruption |
| 17:18 | Obsidian Statue |
| 17:18 | Obsidian Statue |
| 20:37 | Obsidian Statue |
| 20:38 | Obsidian Statue |
| 22:58 | Frost Nova |
| 24:20 | Web |
| 24:44 | Unholy Aura |
| 27:16 | Crypt Fiend |
| 28:25 | Crypt Fiend |
| 29:42 | Sacrificial Pit |
| 30:42 | Crypt Fiend |
| 41:00 | Boneyard |
| 41:01 | Boneyard |
| 41:23 | Ziggurat |
| 41:23 | Ziggurat |
| 41:23 | Ziggurat |
| 42:34 | Frost Wyrm |
| 42:35 | Frost Wyrm |
| 42:37 | Creature Attack |
| 43:01 | Frost Armor |
| 43:05 | Frost Wyrm |
| 43:40 | Frost Wyrm |
| 44:33 | Sacrificial Skull |
| Right click | 4267 |
| Select | 1241 |
| Select group | 1014 |
| Assign group | 312 |
| Build/train/purchase | 184 |
| Use ability | 152 |
| Resource trade | 134 |
| Misc. action | 28 |
| Minimap ping | 22 |
| Remove unit | 5 |
| Item give/drop | 3 |



| Lesser Clarity Potion | 5 | 350 |
| Staff of Sanctuary | 3 | 750 |
| Scroll of Regeneration | 2 | 200 |
| Boots of Speed | 3 | 750 |
| Staff of Teleportation | 3 | 450 |
| total: | 16 | 2500g |
| Peasant | 18 | 1350 | / | 0 |
| total: | 18 | 1350g | / | 0w |
| Scout Tower | 65 | 1950 | / | 1300 |
| Arcane Tower | 6 | 420 | / | 300 |
| Guard Tower | 36 | 2520 | / | 1800 |
| Altar of Kings | 3 | 540 | / | 150 |
| Farm | 6 | 480 | / | 120 |
| Lumber Mill | 2 | 240 | / | 0 |
| Arcane Vault | 2 | 260 | / | 60 |
| Town Hall | 1 | 385 | / | 205 |
| Arcane Sanctum | 1 | 150 | / | 140 |
| Keep | 2 | 640 | / | 420 |
| Castle | 1 | 360 | / | 210 |
| total: | 80 | 4005g | / | 1975w |
| 0:01 | Peasant |
| 0:03 | Altar of Kings |
| 0:14 | Peasant |
| 0:27 | Peasant |
| 0:29 | Farm |
| 0:34 | Lumber Mill |
| 0:38 | Peasant |
| 0:53 | Peasant |
| 0:59 | Scout Tower |
| 1:03 | Peasant |
| 1:09 | Farm |
| 1:10 | Peasant |
| 1:14 | Peasant |
| 1:21 | Peasant |
| 1:27 | Arcane Tower |
| 1:31 | Scout Tower |
| 1:37 | Peasant |
| 1:44 | Scout Tower |
| 1:48 | Scout Tower |
| 2:05 | Storm Bolt |
| 2:06 | Guard Tower |
| 2:14 | Peasant |
| 2:22 | Guard Tower |
| 2:30 | Peasant |
| 2:33 | Scout Tower |
| 2:46 | Arcane Tower |
| 2:56 | Peasant |
| 3:11 | Bash |
| 3:15 | Arcane Vault |
| 3:17 | Peasant |
| 3:18 | Guard Tower |
| 3:23 | Scout Tower |
| 3:25 | Peasant |
| 3:57 | Scout Tower |
| 3:57 | Guard Tower |
| 4:02 | Peasant |
| 4:18 | Keep |
| 4:26 | Guard Tower |
| 4:52 | Scout Tower |
| 4:57 | Storm Bolt |
| 5:08 | Lesser Clarity Potion |
| 5:14 | Scout Tower |
| 5:15 | Scout Tower |
| 5:17 | Guard Tower |
| 5:27 | Boots of Speed |
| 5:27 | Staff of Teleportation |
| 5:53 | Guard Tower |
| 5:54 | Scout Tower |
| 5:55 | Scout Tower |
| 6:30 | Farm |
| 6:40 | Improved Masonry |
| 6:40 | Improved Lumber Harvesting |
| 6:41 | Castle |
| 6:42 | Guard Tower |
| 6:54 | Scout Tower |
| 6:55 | Scout Tower |
| 6:55 | Scout Tower |
| 6:57 | Arcane Vault |
| 7:19 | Guard Tower |
| 7:22 | Scout Tower |
| 7:23 | Scout Tower |
| 7:24 | Scout Tower |
| 7:25 | Scout Tower |
| 7:34 | Arcane Sanctum |
| 7:37 | Scout Tower |
| 8:04 | Guard Tower |
| 8:05 | Arcane Tower |
| 8:10 | Guard Tower |
| 8:17 | Guard Tower |
| 8:20 | Scout Tower |
| 8:20 | Scout Tower |
| 8:21 | Guard Tower |
| 8:27 | Lumber Mill |
| 8:53 | Guard Tower |
| 8:54 | Arcane Tower |
| 9:00 | Advanced Masonry |
| 9:18 | Guard Tower |
| 9:21 | Scout Tower |
| 9:22 | Boots of Speed |
| 9:22 | Staff of Teleportation |
| 9:47 | Staff of Sanctuary |
| 9:54 | Guard Tower |
| 10:02 | Holy Light |
| 10:29 | Scout Tower |
| 11:50 | Guard Tower |
| 11:55 | Lesser Clarity Potion |
| 11:57 | Magic Sentry |
| 12:02 | Farm |
| 12:09 | Farm |
| 12:35 | Scout Tower |
| 12:49 | Scout Tower |
| 12:51 | Scout Tower |
| 13:16 | Guard Tower |
| 13:17 | Scout Tower |
| 13:19 | Scout Tower |
| 13:19 | Scout Tower |
| 13:34 | Guard Tower |
| 13:38 | Town Hall |
| 13:46 | Guard Tower |
| 13:51 | Imbued Masonry |
| 13:53 | Scout Tower |
| 13:54 | Scout Tower |
| 13:55 | Scout Tower |
| 13:55 | Scout Tower |
| 14:11 | Guard Tower |
| 14:16 | Scout Tower |
| 14:16 | Scout Tower |
| 15:12 | Bash |
| 15:12 | Divine Shield |
| 16:11 | Lesser Clarity Potion |
| 16:13 | Scroll of Regeneration |
| 16:40 | Scout Tower |
| 16:40 | Scout Tower |
| 16:41 | Scout Tower |
| 16:41 | Scout Tower |
| 16:45 | Scout Tower |
| 16:46 | Scout Tower |
| 16:46 | Scout Tower |
| 16:46 | Scout Tower |
| 16:49 | Scout Tower |
| 16:53 | Scout Tower |
| 16:56 | Scout Tower |
| 17:33 | Guard Tower |
| 17:35 | Scout Tower |
| 17:43 | Guard Tower |
| 17:47 | Staff of Sanctuary |
| 18:04 | Siphon Mana |
| 18:28 | Staff of Sanctuary |
| 19:38 | Guard Tower |
| 19:40 | Scout Tower |
| 19:45 | Scout Tower |
| 19:46 | Scout Tower |
| 19:48 | Scout Tower |
| 20:07 | Guard Tower |
| 20:23 | Scout Tower |
| 20:28 | Scout Tower |
| 20:30 | Guard Tower |
| 20:33 | Scout Tower |
| 20:34 | Scout Tower |
| 20:34 | Scout Tower |
| 20:40 | Boots of Speed |
| 20:42 | Staff of Teleportation |
| 20:45 | Guard Tower |
| 21:07 | Guard Tower |
| 21:10 | Scout Tower |
| 22:03 | Guard Tower |
| 22:09 | Scout Tower |
| 22:30 | Scout Tower |
| 22:35 | Guard Tower |
| 22:42 | Scout Tower |
| 22:52 | Scout Tower |
| 23:18 | Guard Tower |
| 23:43 | Guard Tower |
| 23:46 | Scout Tower |
| 23:56 | Peasant |
| 23:56 | Peasant |
| 24:20 | Guard Tower |
| 28:22 | Scout Tower |
| 31:31 | Scout Tower |
| 33:40 | Scroll of Regeneration |
| 34:18 | Lesser Clarity Potion |
| 35:12 | Altar of Kings |
| 35:54 | Lesser Clarity Potion |
| 36:38 | Altar of Kings |
| 38:24 | Farm |
| Right click | 3563 |
| Select group | 1396 |
| Select | 528 |
| Assign group | 386 |
| Build/train/purchase | 234 |
| Use ability | 170 |
| Chat | 160 |
| Resource trade | 29 |
| Misc. action | 13 |
| Item give/drop | 6 |
| Minimap ping | 3 |
| Remove unit | 1 |
165 units @ 27.3k
/ 5.4k
126 buildings @ 16.7k
/ 8.1k



| Rod of Necromancy | 1 | 150 |
| Orb of Corruption | 2 | 750 |
| Scroll of Healing | 2 | 500 |
| Dust of Appearance | 1 | 75 |
| Scroll of Town Portal | 2 | 700 |
| Staff of Sanctuary | 2 | 500 |
| total: | 10 | 2675g |
| Acolyte | 7 | 525 | / | 0 |
| Ghoul | 5 | 600 | / | 0 |
| Crypt Fiend | 11 | 2365 | / | 440 |
| Obsidian Statue | 5 | 1000 | / | 175 |
| Frost Wyrm | 5 | 1925 | / | 600 |
| total: | 33 | 6415g | / | 1215w |
| Spirit Tower | 4 | 580 | / | 160 |
| Nerubian Tower | 2 | 200 | / | 40 |
| Crypt | 1 | 200 | / | 50 |
| Graveyard | 1 | 215 | / | 0 |
| Ziggurat | 9 | 1350 | / | 450 |
| Altar of Darkness | 1 | 180 | / | 50 |
| Tomb of Relics | 2 | 260 | / | 60 |
| Necropolis | 1 | 225 | / | 0 |
| Slaughterhouse | 1 | 140 | / | 135 |
| Sacrificial Pit | 1 | 75 | / | 150 |
| Boneyard | 1 | 175 | / | 200 |
| Halls of the Dead | 1 | 320 | / | 210 |
| Black Citadel | 1 | 325 | / | 230 |
| total: | 18 | 2820g | / | 1095w |
| 0:34 | Acolyte |
| 0:43 | Crypt |
| 0:49 | Graveyard |
| 0:53 | Acolyte |
| 1:14 | Ziggurat |
| 1:30 | Altar of Darkness |
| 1:45 | Tomb of Relics |
| 1:47 | Tomb of Relics |
| 1:57 | Ghoul |
| 2:09 | Ghoul |
| 2:33 | Crypt Fiend |
| 3:03 | Ziggurat |
| 3:28 | Rod of Necromancy |
| 3:33 | Halls of the Dead |
| 3:37 | Death Coil |
| 3:59 | Crypt Fiend |
| 4:17 | Crypt Fiend |
| 4:41 | Ziggurat |
| 4:52 | Crypt Fiend |
| 5:00 | Unholy Aura |
| 5:48 | Crypt Fiend |
| 6:28 | Black Citadel |
| 6:38 | Burrow |
| 6:50 | Creature Attack |
| 7:25 | Slaughterhouse |
| 7:28 | Sacrificial Pit |
| 7:33 | Death Coil |
| 7:40 | Crypt Fiend |
| 8:09 | Web |
| 8:15 | Frost Nova |
| 8:50 | Crypt Fiend |
| 8:53 | Obsidian Statue |
| 8:54 | Ziggurat |
| 8:56 | Ziggurat |
| 9:22 | Obsidian Statue |
| 9:26 | Destroyer Form |
| 10:55 | Obsidian Statue |
| 10:55 | Obsidian Statue |
| 11:13 | Acolyte |
| 11:57 | Improved Creature Attack |
| 11:58 | Creature Carapace |
| 12:09 | Necropolis |
| 12:35 | Crypt Fiend |
| 13:39 | Frost Armor |
| 13:57 | Exhume Corpses |
| 14:24 | Rain of Fire |
| 14:47 | Spirit Tower |
| 14:47 | Nerubian Tower |
| 14:50 | Ghoul |
| 14:50 | Ghoul |
| 14:50 | Ghoul |
| 14:56 | Ziggurat |
| 14:57 | Ziggurat |
| 14:58 | Acolyte |
| 14:58 | Acolyte |
| 14:59 | Acolyte |
| 15:00 | Acolyte |
| 15:02 | Unholy Aura |
| 15:14 | Ziggurat |
| 16:08 | Crypt Fiend |
| 16:09 | Obsidian Statue |
| 16:35 | Ziggurat |
| 16:38 | Spirit Tower |
| 16:41 | Spirit Tower |
| 16:42 | Spirit Tower |
| 16:55 | Improved Creature Carapace |
| 18:04 | Crypt Fiend |
| 18:05 | Advanced Creature Attack |
| 18:10 | Orb of Corruption |
| 19:47 | Crypt Fiend |
| 19:49 | Advanced Creature Carapace |
| 19:52 | Boneyard |
| 21:10 | Freezing Breath |
| 22:14 | Frost Wyrm |
| 25:48 | Frost Wyrm |
| 25:54 | Nerubian Tower |
| 30:04 | Frost Nova |
| 30:19 | Cleaving Attack |
| 34:01 | Frost Wyrm |
| 34:01 | Frost Wyrm |
| 34:52 | Scroll of Healing |
| 34:52 | Scroll of Healing |
| 34:56 | Dust of Appearance |
| 34:59 | Scroll of Town Portal |
| 35:01 | Scroll of Town Portal |
| 35:05 | Orb of Corruption |
| 35:38 | Staff of Sanctuary |
| 35:41 | Staff of Sanctuary |
| 35:52 | Frost Wyrm |
| 40:54 | Rain of Fire |
| 43:29 | Death Coil |
| 45:51 | Frost Armor |
| Right click | 2243 |
| Select group | 879 |
| Select | 484 |
| Chat | 288 |
| Misc. action | 141 |
| Build/train/purchase | 100 |
| Use ability | 85 |
| Minimap ping | 65 |
| Assign group | 41 |
| Item give/drop | 3 |
| Remove unit | 3 |
| Esc | 1 |



| Rod of Necromancy | 2 | 300 |
| Dust of Appearance | 2 | 150 |
| Scroll of Town Portal | 2 | 700 |
| total: | 6 | 1150g |
| Acolyte | 8 | 600 | / | 0 |
| Ghoul | 3 | 360 | / | 0 |
| Crypt Fiend | 6 | 1290 | / | 240 |
| Frost Wyrm | 8 | 3080 | / | 960 |
| total: | 25 | 5330g | / | 1200w |
| Spirit Tower | 6 | 870 | / | 240 |
| Nerubian Tower | 3 | 300 | / | 60 |
| Graveyard | 1 | 215 | / | 0 |
| Crypt | 1 | 200 | / | 50 |
| Altar of Darkness | 1 | 180 | / | 50 |
| Ziggurat | 15 | 2250 | / | 750 |
| Tomb of Relics | 1 | 130 | / | 30 |
| Necropolis | 1 | 225 | / | 0 |
| Sacrificial Pit | 1 | 75 | / | 150 |
| Boneyard | 2 | 350 | / | 400 |
| Halls of the Dead | 1 | 320 | / | 210 |
| Black Citadel | 1 | 325 | / | 230 |
| total: | 23 | 3625g | / | 1430w |
| 0:01 | Acolyte |
| 0:12 | Graveyard |
| 0:13 | Crypt |
| 0:20 | Acolyte |
| 0:20 | Acolyte |
| 0:43 | Altar of Darkness |
| 0:59 | Ziggurat |
| 1:14 | Ghoul |
| 1:30 | Tomb of Relics |
| 1:50 | Crypt Fiend |
| 2:02 | Ziggurat |
| 2:23 | Ghoul |
| 2:49 | Rod of Necromancy |
| 2:54 | Death Coil |
| 2:54 | Crypt Fiend |
| 3:21 | Spirit Tower |
| 3:24 | Nerubian Tower |
| 3:42 | Crypt Fiend |
| 4:07 | Halls of the Dead |
| 4:18 | Unholy Aura |
| 4:35 | Crypt Fiend |
| 4:39 | Ziggurat |
| 4:59 | Rod of Necromancy |
| 5:34 | Death Coil |
| 6:28 | Black Citadel |
| 6:31 | Sacrificial Pit |
| 7:33 | Rain of Fire |
| 8:25 | Web |
| 8:27 | Ziggurat |
| 9:12 | Unholy Aura |
| 9:14 | Backpack |
| 9:17 | Boneyard |
| 9:18 | Boneyard |
| 9:34 | Ghoul |
| 9:42 | Breath of Fire |
| 9:51 | Cleaving Attack |
| 9:54 | Acolyte |
| 10:45 | Drunken Brawler |
| 11:29 | Freezing Breath |
| 12:21 | Creature Carapace |
| 12:21 | Creature Attack |
| 12:26 | Ziggurat |
| 12:26 | Ziggurat |
| 12:57 | Ziggurat |
| 13:59 | Improved Creature Carapace |
| 15:05 | Frost Wyrm |
| 15:05 | Frost Wyrm |
| 15:36 | Rain of Fire |
| 16:07 | Advanced Creature Carapace |
| 16:20 | Acolyte |
| 16:47 | Frost Wyrm |
| 19:08 | Necropolis |
| 19:16 | Ziggurat |
| 19:46 | Ziggurat |
| 19:47 | Ziggurat |
| 19:47 | Ziggurat |
| 20:42 | Acolyte |
| 20:57 | Improved Creature Attack |
| 22:01 | Frost Wyrm |
| 22:27 | Frost Wyrm |
| 23:48 | Advanced Creature Attack |
| 24:06 | Spirit Tower |
| 25:22 | Cleaving Attack |
| 28:53 | Spirit Tower |
| 29:42 | Acolyte |
| 30:01 | Ziggurat |
| 30:03 | Ziggurat |
| 30:04 | Ziggurat |
| 30:07 | Ziggurat |
| 30:11 | Nerubian Tower |
| 32:42 | Breath of Fire |
| 32:42 | Breath of Fire |
| 32:56 | Death Coil |
| 34:17 | Dust of Appearance |
| 34:21 | Scroll of Town Portal |
| 35:24 | Nerubian Tower |
| 35:59 | Spirit Tower |
| 36:00 | Spirit Tower |
| 36:03 | Spirit Tower |
| 39:03 | Acolyte |
| 40:08 | Rain of Fire |
| 41:53 | Frost Wyrm |
| 42:59 | Crypt Fiend |
| 43:00 | Crypt Fiend |
| 43:02 | Frost Wyrm |
| 44:39 | Frost Wyrm |
| 45:19 | Dust of Appearance |
| 45:21 | Scroll of Town Portal |
| Right click | 3580 |
| Select group | 1237 |
| Select | 842 |
| Use ability | 168 |
| Build/train/purchase | 150 |
| Assign group | 133 |
| Misc. action | 92 |
| Chat | 46 |
| Minimap ping | 10 |
| Item give/drop | 4 |
| Esc | 3 |
| Remove unit | 2 |
BruisedLung
(5)
(46:12) : 


x1)
| Healing Salve | 2 | 200 |
| Scroll of Speed | 2 | 100 |
| Potion of Healing | 4 | 600 |
| Lesser Clarity Potion | 3 | 210 |
| Scroll of Town Portal | 2 | 700 |
| Tome of Retraining | 1 | 300 |
| Potion of Lesser Invulnerability | 2 | 300 |
| Staff of Sanctuary | 2 | 500 |
| total: | 18 | 2910g |
| Peon | 17 | 1275 | / | 0 |
| Troll Headhunter | 10 | 1400 | / | 200 |
| Shaman | 6 | 780 | / | 120 |
| Troll Berserker | 8 | 1120 | / | 160 |
| Demolisher | 9 | 1980 | / | 450 |
| total: | 50 | 6555g | / | 930w |
| Watch Tower | 36 | 3960 | / | 2880 |
| Altar of Storms | 1 | 180 | / | 50 |
| Orc Burrow | 7 | 1120 | / | 280 |
| War Mill | 1 | 205 | / | 0 |
| Barracks | 3 | 540 | / | 150 |
| Voodoo Lounge | 2 | 260 | / | 60 |
| Great Hall | 1 | 385 | / | 185 |
| Spirit Lodge | 3 | 450 | / | 450 |
| Beastiary | 1 | 145 | / | 140 |
| Stronghold | 1 | 315 | / | 190 |
| Fortress | 1 | 325 | / | 190 |
| total: | 55 | 7245g | / | 4195w |
| 0:02 | Peon |
| 0:02 | Peon |
| 0:19 | Altar of Storms |
| 0:28 | Orc Burrow |
| 0:30 | Peon |
| 0:44 | Peon |
| 0:50 | War Mill |
| 1:01 | Barracks |
| 1:07 | Peon |
| 1:20 | Peon |
| 1:39 | Orc Burrow |
| 2:02 | Troll Headhunter |
| 2:10 | Voodoo Lounge |
| 2:15 | Troll Headhunter |
| 2:19 | War Stomp |
| 2:33 | Peon |
| 2:36 | Peon |
| 2:44 | Troll Headhunter |
| 3:02 | Troll Headhunter |
| 3:28 | Stronghold |
| 3:37 | Healing Salve |
| 3:49 | Scroll of Speed |
| 3:54 | Troll Headhunter |
| 3:57 | Orc Burrow |
| 4:05 | Troll Headhunter |
| 4:17 | Endurance Aura |
| 4:26 | Troll Headhunter |
| 4:28 | Steel Ranged Weapons |
| 4:55 | Troll Headhunter |
| 4:57 | Steel Armor |
| 5:21 | Troll Headhunter |
| 6:02 | War Stomp |
| 6:31 | Fortress |
| 7:22 | Healing Salve |
| 7:22 | Scroll of Speed |
| 7:23 | Potion of Healing |
| 7:31 | Hex |
| 8:42 | Spirit Lodge |
| 8:42 | Spirit Lodge |
| 8:44 | Spirit Lodge |
| 9:52 | Endurance Aura |
| 10:13 | Shaman Adept Training |
| 10:14 | Shaman |
| 10:16 | Shaman |
| 10:16 | Shaman |
| 10:18 | Orc Burrow |
| 10:26 | Berserker Upgrade |
| 10:30 | Healing Wave |
| 11:00 | Troll Headhunter |
| 11:01 | Troll Regeneration |
| 11:03 | Shaman |
| 11:05 | Thorium Ranged Weapons |
| 11:49 | Shaman Master Training |
| 12:28 | Scroll of Town Portal |
| 12:30 | Potion of Healing |
| 12:32 | Lesser Clarity Potion |
| 12:35 | Potion of Healing |
| 12:38 | Lesser Clarity Potion |
| 12:40 | Shaman |
| 12:41 | Troll Berserker |
| 12:43 | Barracks |
| 12:55 | Peon |
| 12:55 | Peon |
| 12:58 | Peon |
| 12:58 | Peon |
| 13:18 | Troll Berserker |
| 13:18 | Troll Berserker |
| 13:19 | Demolisher |
| 13:51 | Tome of Retraining |
| 13:51 | Retrain Hero |
| 13:55 | Potion of Lesser Invulnerability |
| 14:00 | Burning Oil |
| 14:15 | Watch Tower |
| 14:16 | Watch Tower |
| 14:17 | Watch Tower |
| 14:40 | Great Hall |
| 15:56 | Orc Burrow |
| 15:57 | Watch Tower |
| 15:57 | Watch Tower |
| 16:26 | Reinforced Defenses |
| 16:44 | Healing Wave |
| 17:00 | Voodoo Lounge |
| 17:14 | Peon |
| 17:17 | Peon |
| 17:40 | Staff of Sanctuary |
| 17:48 | Watch Tower |
| 18:19 | Shockwave |
| 18:19 | Endurance Aura |
| 18:19 | Endurance Aura |
| 18:20 | Shockwave |
| 19:47 | Watch Tower |
| 20:39 | Watch Tower |
| 20:43 | Watch Tower |
| 20:46 | Watch Tower |
| 20:52 | Watch Tower |
| 21:12 | Demolisher |
| 21:16 | Barracks |
| 21:35 | Demolisher |
| 22:12 | Watch Tower |
| 22:14 | Watch Tower |
| 22:26 | Watch Tower |
| 22:33 | Demolisher |
| 23:35 | Watch Tower |
| 23:56 | Demolisher |
| 24:25 | Watch Tower |
| 24:48 | Spiked Barricades |
| 25:31 | Watch Tower |
| 25:38 | Demolisher |
| 27:07 | Watch Tower |
| 27:08 | Watch Tower |
| 27:10 | Watch Tower |
| 27:59 | Peon |
| 28:00 | Peon |
| 28:11 | Watch Tower |
| 28:15 | Watch Tower |
| 28:36 | Rain of Fire |
| 28:52 | Watch Tower |
| 28:53 | Watch Tower |
| 29:00 | Peon |
| 29:42 | Watch Tower |
| 30:02 | Watch Tower |
| 31:37 | Demolisher |
| 31:41 | Orc Burrow |
| 31:46 | Watch Tower |
| 31:47 | Watch Tower |
| 31:48 | Watch Tower |
| 31:49 | Watch Tower |
| 32:27 | Orc Burrow |
| 32:51 | Potion of Lesser Invulnerability |
| 33:22 | Watch Tower |
| 33:24 | Watch Tower |
| 33:24 | Watch Tower |
| 33:25 | Watch Tower |
| 33:27 | Watch Tower |
| 34:19 | Shockwave |
| 34:38 | Watch Tower |
| 35:34 | Staff of Sanctuary |
| 35:35 | Scroll of Town Portal |
| 35:40 | Potion of Healing |
| 35:43 | Lesser Clarity Potion |
| 36:00 | Demolisher |
| 36:02 | Demolisher |
| 37:31 | Troll Berserker |
| 39:28 | Shaman |
| 40:07 | Troll Berserker |
| 42:52 | Troll Berserker |
| 44:32 | Troll Berserker |
| 44:33 | Thorium Armor |
| 45:02 | Troll Berserker |
| 45:25 | Beastiary |
| 45:34 | Cleaving Attack |
| Right click | 3274 |
| Select group | 1608 |
| Select | 1183 |
| Build/train/purchase | 158 |
| Misc. action | 143 |
| Use ability | 120 |
| Assign group | 74 |
| Chat | 40 |
| Minimap ping | 8 |
| Item give/drop | 7 |
| Esc | 7 |
| Resource trade | 5 |
| Remove unit | 2 |



x1)
| Lesser Clarity Potion | 1 | 70 |
| Potion of Healing | 4 | 600 |
| Orb of Fire | 1 | 325 |
| Staff of Sanctuary | 3 | 750 |
| Scroll of Town Portal | 1 | 350 |
| Tome of Retraining | 1 | 300 |
| Healing Salve | 1 | 100 |
| total: | 12 | 2495g |
| Peasant | 15 | 1125 | / | 0 |
| Footman | 5 | 675 | / | 0 |
| Mortar Team | 19 | 3420 | / | 1330 |
| Dragonhawk Rider | 8 | 1600 | / | 240 |
| Siege Engine | 8 | 1560 | / | 480 |
| Giant Sea Turtle | 1 | 295 | / | 35 |
| Makrura Snapper | 1 | 315 | / | 0 |
| total: | 57 | 8990g | / | 2085w |
| Scout Tower | 8 | 240 | / | 160 |
| Guard Tower | 1 | 70 | / | 50 |
| Altar of Kings | 1 | 180 | / | 50 |
| Barracks | 1 | 160 | / | 60 |
| Farm | 9 | 720 | / | 180 |
| Blacksmith | 1 | 140 | / | 60 |
| Arcane Vault | 4 | 520 | / | 120 |
| Lumber Mill | 1 | 120 | / | 0 |
| Town Hall | 1 | 385 | / | 205 |
| Workshop | 2 | 280 | / | 280 |
| Gryphon Aviary | 2 | 280 | / | 300 |
| Keep | 1 | 320 | / | 210 |
| Castle | 1 | 360 | / | 210 |
| total: | 30 | 3025g | / | 1415w |
| 0:02 | Peasant |
| 0:02 | Peasant |
| 0:02 | Peasant |
| 0:14 | Altar of Kings |
| 0:20 | Barracks |
| 0:23 | Farm |
| 0:32 | Peasant |
| 1:01 | Farm |
| 1:11 | Peasant |
| 1:11 | Peasant |
| 1:12 | Peasant |
| 1:29 | Footman |
| 1:42 | Footman |
| 1:49 | Peasant |
| 1:55 | Farm |
| 2:09 | Footman |
| 2:18 | Blacksmith |
| 2:26 | Storm Bolt |
| 2:36 | Footman |
| 2:45 | Farm |
| 2:56 | Footman |
| 3:18 | Thunder Clap |
| 3:37 | Keep |
| 3:51 | Giant Sea Turtle |
| 4:17 | Farm |
| 4:20 | Arcane Vault |
| 5:20 | Storm Bolt |
| 5:25 | Makrura Snapper |
| 6:16 | Workshop |
| 6:16 | Workshop |
| 6:32 | Black Gunpowder |
| 7:17 | Thunder Clap |
| 7:33 | Summon Water Elemental |
| 7:47 | Mortar Team |
| 7:47 | Mortar Team |
| 8:04 | Refined Gunpowder |
| 8:08 | Castle |
| 8:37 | Mortar Team |
| 8:39 | Farm |
| 8:43 | Lumber Mill |
| 9:11 | Flare |
| 9:13 | Farm |
| 9:27 | Mortar Team |
| 10:11 | Brilliance Aura |
| 10:17 | Mortar Team |
| 10:26 | Improved Lumber Harvesting |
| 10:54 | Fragmentation Shards |
| 11:58 | Mortar Team |
| 11:59 | Mortar Team |
| 12:52 | Mortar Team |
| 13:14 | Peasant |
| 13:14 | Peasant |
| 13:14 | Peasant |
| 13:15 | Peasant |
| 13:15 | Peasant |
| 13:15 | Peasant |
| 13:18 | Farm |
| 13:18 | Farm |
| 13:19 | Imbued Gunpowder |
| 13:46 | Summon Water Elemental |
| 14:26 | Town Hall |
| 15:46 | Gryphon Aviary |
| 15:51 | Gryphon Aviary |
| 15:57 | Advanced Lumber Harvesting |
| 16:43 | Cloud |
| 16:45 | Dragonhawk Rider |
| 16:45 | Dragonhawk Rider |
| 16:46 | Dragonhawk Rider |
| 16:47 | Dragonhawk Rider |
| 16:48 | Mortar Team |
| 16:48 | Mortar Team |
| 16:54 | Mortar Team |
| 16:54 | Mortar Team |
| 17:11 | Mortar Team |
| 17:23 | Lesser Clarity Potion |
| 17:27 | Potion of Healing |
| 17:43 | Dragonhawk Rider |
| 17:46 | Mortar Team |
| 17:46 | Mortar Team |
| 18:40 | Mortar Team |
| 18:40 | Mortar Team |
| 19:17 | Storm Bolt |
| 19:29 | Mortar Team |
| 19:31 | Dragonhawk Rider |
| 20:31 | Peasant |
| 20:38 | Scout Tower |
| 20:38 | Scout Tower |
| 20:38 | Scout Tower |
| 20:39 | Scout Tower |
| 20:40 | Scout Tower |
| 20:41 | Scout Tower |
| 20:43 | Scout Tower |
| 20:44 | Scout Tower |
| 22:24 | Iron Plating |
| 24:52 | Healing Salve |
| 26:53 | Steel Plating |
| 27:07 | Potion of Healing |
| 27:09 | Potion of Healing |
| 28:09 | Mithril Plating |
| 28:35 | Siege Engine |
| 28:39 | Siege Engine |
| 28:53 | Orb of Fire |
| 29:58 | Guard Tower |
| 30:04 | Improved Masonry |
| 30:34 | Mortar Team |
| 30:36 | Barrage |
| 31:23 | Tome of Retraining |
| 31:23 | Retrain Hero |
| 31:26 | Blizzard |
| 31:27 | Brilliance Aura |
| 31:33 | Arcane Vault |
| 31:34 | Arcane Vault |
| 31:34 | Arcane Vault |
| 31:40 | Advanced Masonry |
| 31:51 | Flame Strike |
| 33:19 | Siege Engine |
| 34:30 | Potion of Healing |
| 34:32 | Scroll of Town Portal |
| 34:34 | Siege Engine |
| 34:40 | Siege Engine |
| 34:42 | Dragonhawk Rider |
| 34:42 | Dragonhawk Rider |
| 34:54 | Siege Engine |
| 36:34 | Brilliance Aura |
| 37:52 | Imbued Masonry |
| 41:35 | Staff of Sanctuary |
| 41:38 | Staff of Sanctuary |
| 42:40 | Avatar |
| 43:10 | Siege Engine |
| 43:39 | Siphon Mana |
| 43:56 | Siege Engine |
| 44:01 | Staff of Sanctuary |
| Right click | 2426 |
| Select | 855 |
| Build/train/purchase | 178 |
| Assign group | 121 |
| Use ability | 114 |
| Misc. action | 90 |
| Select group | 47 |
| Minimap ping | 14 |
| Remove unit | 9 |
| Chat | 7 |
| Item give/drop | 6 |
⇛